[ AOE2 MATCH · #480355656 ]
UnrankedPortuguese vs Vietnamese
[ REPLAY ANALYSIS · EXTRACTED FROM THE RECORDED GAME ]
Feudal
—
Castle
—
Imperial
—
| APM avg | 12.2 |
| APM peak | 71 |
| eAPM avg | 9.5 |
| Villagers / military | 77 / 5 |
Focus
⚔️ 12.1% · 🌾 87.9%
Monk ×4 · Mangonel ×1
Feudal
—
Castle
—
Imperial
—
| APM avg | 15.0 |
| APM peak | 64 |
| eAPM avg | 12.0 |
| Villagers / military | 84 / 234 |
Focus
⚔️ 34.7% · 🌾 65.3%
Battle Elephant ×140 · Trade Cart ×30 · Mangonel ×20 · Bombard Cannon ×19 · Rattan Archer ×17 · Skirmisher ×10
Feudal
—
Castle
—
Imperial
—
| APM avg | 9.6 |
| APM peak | 54 |
| eAPM avg | 8.3 |
| Villagers / military | 78 / 1139 |
Focus
⚔️ 57.7% · 🌾 42.3%
Spearman ×642 · Conquistador ×185 · Knight ×131 · Militia ×77 · Skirmisher ×50 · Bombard Cannon ×44
Feudal
12:02
Castle
16:35
Imperial
34:13
| APM avg | 13.8 |
| APM peak | 50 |
| eAPM avg | 8.1 |
| Villagers / military | 110 / 821 |
Focus
⚔️ 50.2% · 🌾 49.8%
Scout Cavalry ×412 · Knight ×348 · Trade Cart ×35 · Bombard Cannon ×20 · War Elephant ×16 · Trebuchet (Packed) ×15
Feudal
—
Castle
—
Imperial
—
| APM avg | 27.5 |
| APM peak | 181 |
| eAPM avg | 25.6 |
| Villagers / military | 110 / 626 |
Focus
⚔️ 28.9% · 🌾 71.1%
Spearman ×359 · Scorpion ×105 · Militia ×102 · Centurion ×38 · Battering Ram ×18 · Fishing Ship ×4
Feudal
11:41
Castle
22:06
Imperial
34:59
| APM avg | 11.8 |
| APM peak | 85 |
| eAPM avg | 7.2 |
| Villagers / military | 82 / 572 |
Focus
⚔️ 56.4% · 🌾 43.6%
Knight ×317 · Cavalry Archer ×241 · Trade Cart ×30 · Trebuchet (Packed) ×13 · Monk ×1
Feudal
—
Castle
—
Imperial
—
| APM avg | 4.1 |
| APM peak | 21 |
| eAPM avg | 3.3 |
| Villagers / military | 75 / 37 |
Focus
⚔️ 24.5% · 🌾 75.5%
Samurai ×25 · Spearman ×11 · Trade Cart ×7 · Battering Ram ×1
Feudal
13:18
Castle
23:18
Imperial
35:45
| APM avg | 34.0 |
| APM peak | 110 |
| eAPM avg | 22.2 |
| Villagers / military | 143 / 855 |
Focus
⚔️ 57.5% · 🌾 42.5%
Knight ×743 · Longbowman ×81 · Trade Cart ×39 · Trebuchet (Packed) ×15 · Scout Cavalry ×13 · Mangonel ×3
Match map
Initial resources + every placement click. Lines = walls · curves = elevation contours. ◆ gold · ⬟ stone · ● berries · ✦ relic · ◌ wall gap
Your base· ✓ Closed at 14:52 · 6t walls · no gate
MoldyShelf59466's base· ✓ Closed at 33:24 · 260t walls · no gate
FAD3D WHHYY NOT's base· ✓ Closed at 24:23 · 32t walls · 2 gate(s)
ParanoiaAgent's base· ✓ Closed at 16:35 · 0t walls · no gate
JESUSizLORD7590's base· ✓ Closed at 17:53 · 0t walls · no gate
Wolfgang5150's base· ✓ Closed at 22:06 · 0t walls · no gate
V snacks's base· ✓ Closed at 20:03 · 21t walls · 2 gate(s)
419229627's base· ✓ Closed at 23:18 · 38t walls · no gate
Smoothed initial terrain · ◌ = detected wall gap · hover for details
Inputs per minute
— NATIVE RADIX - - MoldyShelf59466
Build order — NATIVE RADIX
First 150 of 416 actions detected
| 0:05 | Build | House |
| 0:09 | Build | House |
| 0:11 | Create | Villager (Male) |
| 0:11 | Create | Villager (Male) |
| 0:11 | Create | Villager (Male) |
| 0:12 | Create | Villager (Male) |
| 0:45 | Build | House |
| 1:43 | Build | Mill |
| 1:51 | Create | Villager (Male) |
| 2:32 | Create | Villager (Male) |
| 2:51 | Create | Villager (Male) |
| 3:16 | Create | Villager (Male) |
| 3:16 | Create | Villager (Male) |
| 3:35 | Research | Loom |
| 3:56 | Create | Villager (Male) |
| 3:56 | Create | Villager (Male) |
| 4:02 | Create | Villager (Male) |
| 4:02 | Create | Villager (Male) |
| 4:13 | Create | Villager (Male) |
| 4:40 | Create | Villager (Male) |
| 4:40 | Create | Villager (Male) |
| 4:41 | Create | Villager (Male) |
| 4:53 | Research | Loom |
| 5:09 | Create | Villager (Male) |
| 5:09 | Create | Villager (Male) |
| 5:22 | Create | Villager (Male) |
| 5:27 | Create | Villager (Male) |
| 6:02 | Create | Villager (Male) |
| 6:02 | Create | Villager (Male) |
| 7:36 | Build | House |
| 7:38 | Build | House |
| 7:51 | Create | Villager (Male) |
| 7:51 | Create | Villager (Male) |
| 7:51 | Create | Villager (Male) |
| 7:51 | Create | Villager (Male) |
| 8:03 | Build | Palisade Wall |
| 8:08 | Create | Villager (Male) |
| 8:08 | Create | Villager (Male) |
| 9:37 | Build | Lumber Camp |
| 10:33 | Research | Feudal Age |
| 10:39 | Build | House |
| 10:41 | Build | House |
| 10:44 | Build | House |
| 11:06 | Build | Mining Camp |
| 11:41 | Build | Mill |
| 13:58 | Build | Market |
| 14:08 | Build | Blacksmith |
| 14:22 | Create | Villager (Male) |
| 14:22 | Create | Villager (Male) |
| 14:35 | Build | Lumber Camp |
| 14:52 | Research | Castle Age |
| 15:03 | Build | House |
| 15:20 | Build | Farm |
| 15:21 | Build | Farm |
| 15:21 | Build | Farm |
| 15:22 | Build | Farm |
| 15:23 | Build | Farm |
| 15:24 | Build | Farm |
| 15:37 | Build | Farm |
| 15:37 | Build | Farm |
| 16:06 | Create | Villager (Male) |
| 16:06 | Create | Villager (Male) |
| 18:00 | Build | University |
| 18:10 | Build | Monastery |
| 18:30 | Build | Farm |
| 18:30 | Build | Farm |
| 18:31 | Build | Farm |
| 18:31 | Build | Farm |
| 18:31 | Build | Farm |
| 18:46 | Build | Farm |
| 18:46 | Build | Farm |
| 18:58 | Create | Monk |
| 19:19 | Build | Stone Wall |
| 19:31 | Research | Fortified Wall (upgrade) |
| 19:59 | Research | Fervor |
| 20:01 | Create | Monk |
| 21:50 | Research | Imperial Age |
| 21:55 | Research | Treadmill Crane |
| 22:38 | Create | Villager (Male) |
| 22:38 | Create | Villager (Male) |
| 22:53 | Build | Mining Camp |
| 23:01 | Build | Mining Camp |
| 24:01 | Create | Monk |
| 25:07 | Build | Feitoria |
| 25:21 | Build | House |
| 25:22 | Build | House |
| 25:24 | Build | House |
| 25:26 | Build | House |
| 25:26 | Build | House |
| 25:37 | Build | House |
| 25:39 | Build | House |
| 25:40 | Build | House |
| 25:41 | Build | House |
| 25:42 | Build | House |
| 26:02 | Build | House |
| 26:15 | Build | Feitoria |
| 26:48 | Build | Outpost |
| 27:05 | Build | Feitoria |
| 27:09 | Create | Villager (Male) |
| 27:10 | Create | Villager (Male) |
| 27:10 | Create | Villager (Male) |
| 27:10 | Create | Villager (Male) |
| 27:12 | Create | Villager (Male) |
| 27:12 | Create | Villager (Male) |
| 27:27 | Build | Mining Camp |
| 27:34 | Research | Gold Mining |
| 27:34 | Research | Stone Mining |
| 27:39 | Build | House |
| 27:41 | Build | House |
| 27:42 | Build | House |
| 27:44 | Build | House |
| 28:40 | Build | Feitoria |
| 28:46 | Build | House |
| 28:48 | Build | House |
| 28:52 | Build | House |
| 28:54 | Build | House |
| 29:01 | Build | House |
| 29:05 | Build | House |
| 29:07 | Build | House |
| 29:08 | Build | House |
| 29:09 | Build | House |
| 29:10 | Build | House |
| 29:26 | Build | House |
| 29:28 | Build | House |
| 29:30 | Build | House |
| 29:39 | Build | Feitoria |
| 29:57 | Build | House |
| 30:39 | Build | Feitoria |
| 30:55 | Build | Mining Camp |
| 31:04 | Build | House |
| 31:07 | Build | House |
| 31:10 | Build | House |
| 31:11 | Build | House |
| 31:21 | Research | Coinage |
| 32:06 | Build | Feitoria |
| 32:44 | Research | Banking |
| 33:09 | Build | Feitoria |
| 33:40 | Build | Mining Camp |
| 34:13 | Research | Guilds |
| 34:39 | Build | House |
| 34:58 | Research | Chemistry |
| 35:01 | Research | Murder Holes |
| 35:12 | Research | Stone Shaft Mining |
| 37:03 | Research | Fletching |
| 37:07 | Research | Town Watch |
| 37:08 | Research | Wheelbarrow |
| 37:17 | Research | Double-Bit Axe |
| 37:24 | Research | Horse Collar |
| 38:05 | Research | Town Patrol |
| 38:09 | Research | Bodkin Arrow |
Build order — MoldyShelf59466
First 150 of 609 actions detected
| 0:57 | Build | Palisade Wall |
| 1:09 | Build | House |
| 1:18 | Create | Villager (Male) |
| 1:19 | Create | Villager (Male) |
| 1:19 | Create | Villager (Male) |
| 1:19 | Create | Villager (Male) |
| 1:19 | Create | Villager (Male) |
| 1:20 | Research | Loom |
| 2:31 | Build | Palisade Wall |
| 3:10 | Build | Palisade Wall |
| 3:25 | Build | Palisade Wall |
| 3:31 | Build | Palisade Wall |
| 3:57 | Build | Palisade Wall |
| 4:21 | Build | Palisade Wall |
| 5:20 | Build | Palisade Wall |
| 5:36 | Build | Palisade Wall |
| 5:44 | Create | Villager (Male) |
| 6:45 | Build | Palisade Wall |
| 6:53 | Create | Villager (Male) |
| 7:21 | Create | Villager (Male) |
| 8:08 | Build | Palisade Wall |
| 8:25 | Create | Villager (Male) |
| 9:04 | Create | Villager (Male) |
| 9:31 | Create | Villager (Male) |
| 9:41 | Build | House |
| 9:46 | Build | House |
| 10:16 | Create | Villager (Male) |
| 11:22 | Build | Mill |
| 12:28 | Build | Lumber Camp |
| 15:08 | Research | Feudal Age |
| 15:47 | Build | Mining Camp |
| 16:07 | Build | Palisade Wall |
| 17:30 | Build | Stone Wall |
| 17:43 | Build | Stone Wall |
| 17:57 | Create | Villager (Male) |
| 17:58 | Research | Wheelbarrow |
| 18:14 | Build | Market |
| 18:38 | Create | Villager (Male) |
| 19:19 | Build | Stone Wall |
| 19:34 | Build | House |
| 19:39 | Build | House |
| 19:45 | Build | House |
| 20:05 | Create | Villager (Male) |
| 20:22 | Create | Villager (Male) |
| 20:46 | Create | Villager (Male) |
| 20:57 | Build | Watch Tower |
| 21:13 | Build | Stone Wall |
| 21:29 | Build | Farm |
| 21:38 | Research | Horse Collar |
| 21:55 | Create | Trade Cart |
| 22:20 | Build | Stone Wall |
| 22:51 | Build | Mining Camp |
| 22:55 | Create | Villager (Male) |
| 22:55 | Create | Villager (Male) |
| 22:56 | Create | Villager (Male) |
| 23:03 | Build | Farm |
| 23:09 | Build | Farm |
| 23:15 | Build | Farm |
| 23:21 | Build | Farm |
| 23:28 | Build | Farm |
| 23:30 | Create | Villager (Male) |
| 23:44 | Build | Stone Wall |
| 24:14 | Create | Villager (Male) |
| 24:39 | Build | Stone Wall |
| 24:57 | Research | Double-Bit Axe |
| 25:25 | Create | Villager (Male) |
| 25:43 | Build | Stone Wall |
| 25:57 | Build | Farm |
| 25:59 | Create | Villager (Male) |
| 26:05 | Create | Trade Cart |
| 26:18 | Create | Villager (Male) |
| 26:37 | Build | Farm |
| 26:40 | Create | Villager (Male) |
| 27:06 | Build | Stone Wall |
| 27:25 | Build | Stone Wall |
| 27:38 | Build | Farm |
| 27:45 | Build | Farm |
| 27:47 | Create | Villager (Male) |
| 27:47 | Create | Villager (Male) |
| 28:03 | Create | Villager (Male) |
| 28:03 | Create | Villager (Male) |
| 28:17 | Build | Stone Wall |
| 28:26 | Build | Blacksmith |
| 28:31 | Create | Villager (Male) |
| 28:46 | Research | Stone Mining |
| 29:00 | Create | Trade Cart |
| 29:16 | Create | Villager (Male) |
| 29:34 | Build | Stone Wall |
| 29:42 | Build | Stone Wall |
| 29:55 | Build | Stone Wall |
| 30:05 | Build | Stone Wall |
| 30:19 | Build | Barracks |
| 30:38 | Build | Farm |
| 30:44 | Create | Villager (Male) |
| 30:44 | Create | Villager (Male) |
| 31:06 | Build | Stone Wall |
| 31:18 | Build | Stable |
| 31:28 | Research | Gold Mining |
| 31:44 | Build | Farm |
| 31:50 | Build | Farm |
| 32:05 | Build | Stone Wall |
| 32:30 | Build | Mining Camp |
| 33:04 | Build | Stone Wall |
| 33:16 | Build | Stone Wall |
| 33:24 | Research | Castle Age |
| 33:39 | Create | Trade Cart |
| 33:40 | Create | Trade Cart |
| 34:01 | Build | House |
| 34:06 | Build | House |
| 34:10 | Build | House |
| 34:33 | Build | Stone Wall |
| 35:11 | Create | Villager (Male) |
| 35:12 | Create | Villager (Male) |
| 35:12 | Create | Villager (Male) |
| 35:38 | Build | Stone Wall |
| 36:04 | Create | Villager (Male) |
| 36:05 | Create | Villager (Male) |
| 36:09 | Create | Villager (Male) |
| 36:10 | Research | Hand Cart |
| 36:24 | Research | Caravan |
| 36:26 | Create | Trade Cart |
| 36:43 | Build | Castle |
| 36:47 | Create | Battle Elephant |
| 36:47 | Create | Battle Elephant |
| 37:07 | Build | University |
| 37:12 | Create | Battle Elephant |
| 37:31 | Build | Stone Wall |
| 37:46 | Build | Stone Wall |
| 37:58 | Create | Battle Elephant |
| 38:08 | Research | Bow Saw |
| 38:19 | Build | Town Center |
| 38:27 | Create | Villager (Male) |
| 38:40 | Build | Farm |
| 39:13 | Build | Stone Wall |
| 39:31 | Research | Chatras |
| 39:47 | Build | Farm |
| 40:01 | Build | Stone Wall |
| 40:10 | Create | Villager (Male) |
| 40:10 | Create | Villager (Male) |
| 40:32 | Build | Stone Wall |
| 40:37 | Create | Villager (Male) |
| 41:23 | Build | Siege Workshop |
| 41:38 | Build | Stone Wall |
| 41:44 | Create | Battle Elephant |
| 41:45 | Create | Battle Elephant |
| 41:49 | Create | Villager (Male) |
| 41:50 | Create | Villager (Male) |
| 41:57 | Build | House |
| 42:02 | Build | House |
| 42:13 | Build | Mining Camp |
Build order — FAD3D WHHYY NOT
First 150 of 510 actions detected
| 0:03 | Research | Loom |
| 0:03 | Create | Villager (Male) |
| 0:03 | Create | Villager (Male) |
| 0:04 | Create | Villager (Male) |
| 0:04 | Create | Villager (Male) |
| 0:22 | Build | Palisade Wall |
| 0:33 | Build | House |
| 1:01 | Build | Palisade Gate |
| 2:27 | Build | House |
| 3:10 | Create | Villager (Male) |
| 3:27 | Build | House |
| 3:54 | Create | Villager (Male) |
| 3:55 | Create | Villager (Male) |
| 4:10 | Create | Villager (Male) |
| 5:09 | Create | Villager (Male) |
| 5:56 | Create | Villager (Male) |
| 5:57 | Create | Villager (Male) |
| 6:36 | Create | Villager (Male) |
| 6:36 | Create | Villager (Male) |
| 6:58 | Build | Mill |
| 7:01 | Create | Villager (Male) |
| 7:48 | Create | Villager (Male) |
| 7:48 | Create | Villager (Male) |
| 8:25 | Create | Villager (Male) |
| 8:25 | Create | Villager (Male) |
| 9:05 | Build | Lumber Camp |
| 9:45 | Build | House |
| 9:46 | Build | House |
| 9:48 | Build | House |
| 9:51 | Build | House |
| 10:29 | Create | Villager (Male) |
| 11:20 | Build | Barracks |
| 11:27 | Create | Villager (Male) |
| 11:57 | Build | Mining Camp |
| 12:24 | Research | Feudal Age |
| 14:05 | Build | Mill |
| 14:11 | Create | Villager (Male) |
| 14:11 | Create | Villager (Male) |
| 14:13 | Create | Villager (Male) |
| 14:36 | Research | Double-Bit Axe |
| 15:40 | Build | Barracks |
| 15:57 | Create | Villager (Male) |
| 15:57 | Create | Villager (Male) |
| 16:26 | Build | Market |
| 16:37 | Build | Mining Camp |
| 16:44 | Build | Barracks |
| 16:47 | Create | Villager (Male) |
| 16:47 | Create | Villager (Male) |
| 18:03 | Build | Barracks |
| 18:09 | Create | Villager (Male) |
| 18:09 | Create | Villager (Male) |
| 18:23 | Research | Man-at-Arms (upgrade) |
| 18:25 | Research | Arson |
| 18:36 | Build | Blacksmith |
| 18:53 | Build | Archery Range |
| 19:10 | Create | Villager (Male) |
| 19:10 | Create | Villager (Male) |
| 19:50 | Build | Archery Range |
| 20:04 | Build | Mining Camp |
| 20:16 | Build | Mining Camp |
| 20:32 | Build | Farm |
| 20:34 | Create | Villager (Male) |
| 20:43 | Build | Farm |
| 21:05 | Build | Farm |
| 21:08 | Create | Villager (Male) |
| 21:19 | Research | Horse Collar |
| 21:48 | Build | Farm |
| 21:50 | Create | Villager (Male) |
| 21:51 | Create | Villager (Male) |
| 22:31 | Build | Stone Wall |
| 22:35 | Build | Gate |
| 22:44 | Build | Farm |
| 22:51 | Create | Villager (Male) |
| 22:52 | Create | Villager (Male) |
| 23:09 | Build | Barracks |
| 23:15 | Build | Barracks |
| 23:22 | Build | Barracks |
| 23:25 | Build | Barracks |
| 23:54 | Build | Farm |
| 23:57 | Create | Villager (Male) |
| 24:23 | Research | Castle Age |
| 24:27 | Build | Farm |
| 24:58 | Build | Farm |
| 25:31 | Build | Stable |
| 25:38 | Build | Stable |
| 25:41 | Build | Stable |
| 26:29 | Build | Stable |
| 26:40 | Build | Barracks |
| 26:48 | Create | Villager (Male) |
| 26:48 | Create | Villager (Male) |
| 26:49 | Create | Villager (Male) |
| 26:54 | Research | Scale Mail Armor |
| 26:55 | Research | Forging |
| 27:26 | Build | Castle |
| 27:37 | Build | House |
| 27:39 | Build | House |
| 27:40 | Build | House |
| 27:41 | Build | House |
| 27:44 | Build | House |
| 27:44 | Build | House |
| 27:45 | Build | House |
| 27:47 | Build | House |
| 28:06 | Build | Mining Camp |
| 28:14 | Create | Villager (Male) |
| 28:20 | Research | Bow Saw |
| 28:46 | Build | Town Center |
| 29:07 | Create | Villager (Male) |
| 29:57 | Build | Siege Workshop |
| 30:05 | Build | Siege Workshop |
| 30:17 | Create | Villager (Male) |
| 30:17 | Create | Villager (Male) |
| 30:18 | Create | Villager (Male) |
| 30:24 | Research | Long Swordsman (upgrade) |
| 31:02 | Create | Villager (Male) |
| 31:03 | Create | Villager (Male) |
| 31:25 | Build | House |
| 31:27 | Build | House |
| 31:28 | Build | House |
| 31:30 | Build | House |
| 31:44 | Research | Gambesons |
| 31:55 | Build | Farm |
| 31:58 | Build | Farm |
| 32:05 | Build | Farm |
| 32:12 | Build | Farm |
| 32:16 | Research | Squires |
| 32:32 | Build | Castle |
| 32:58 | Build | University |
| 33:29 | Research | Heavy Plow |
| 34:06 | Build | Town Center |
| 34:11 | Create | Villager (Male) |
| 34:11 | Create | Villager (Male) |
| 34:12 | Create | Villager (Male) |
| 34:13 | Research | Wheelbarrow |
| 34:29 | Research | Imperial Age |
| 34:36 | Research | Husbandry |
| 34:38 | Research | Bloodlines |
| 34:58 | Build | Castle |
| 35:10 | Build | Town Center |
| 35:22 | Research | Fortified Wall (upgrade) |
| 35:29 | Create | Petard |
| 35:30 | Create | Petard |
| 35:30 | Create | Petard |
| 35:31 | Create | Petard |
| 35:37 | Create | Militia ×5 |
| 35:37 | Create | Militia ×5 |
| 35:37 | Create | Militia ×5 |
| 35:38 | Create | Militia ×5 |
| 35:38 | Create | Militia ×2 |
| 36:31 | Research | Chain Mail Armor |
| 36:56 | Research | Thumb Ring |
Build order — ParanoiaAgent
First 150 of 464 actions detected
| 0:04 | Create | Villager (Male) |
| 0:04 | Create | Villager (Male) |
| 0:04 | Create | Villager (Male) |
| 0:04 | Create | Villager (Male) |
| 0:05 | Create | Villager (Male) |
| 0:07 | Build | House |
| 0:09 | Build | House |
| 1:46 | Create | Villager (Male) |
| 1:46 | Create | Villager (Male) |
| 1:57 | Build | Lumber Camp |
| 2:33 | Create | Villager (Male) |
| 2:33 | Create | Villager (Male) |
| 3:11 | Create | Villager (Male) |
| 3:19 | Build | House |
| 4:02 | Create | Villager (Male) |
| 4:03 | Create | Villager (Male) |
| 4:15 | Create | Villager (Male) |
| 4:15 | Create | Villager (Male) |
| 4:58 | Create | Villager (Male) |
| 5:17 | Build | Mill |
| 5:35 | Create | Villager (Male) |
| 5:35 | Create | Villager (Male) |
| 5:45 | Build | House |
| 6:07 | Create | Villager (Male) |
| 6:37 | Create | Villager (Male) |
| 6:37 | Create | Villager (Male) |
| 6:37 | Create | Villager (Male) |
| 7:18 | Build | Mill |
| 8:04 | Create | Villager (Male) |
| 8:04 | Create | Villager (Male) |
| 8:05 | Create | Villager (Male) |
| 8:10 | Research | Loom |
| 8:29 | Build | House |
| 9:16 | Build | Lumber Camp |
| 9:52 | Build | Mining Camp |
| 9:59 | Research | Feudal Age |
| 11:03 | Create | Villager (Male) |
| 11:04 | Create | Villager (Male) |
| 12:02 | Age | Feudal Age |
| 12:22 | Build | Market |
| 12:46 | Build | Blacksmith |
| 14:10 | Research | Castle Age |
| 14:25 | Build | House |
| 14:26 | Build | House |
| 14:39 | Build | Farm |
| 14:41 | Research | Horse Collar |
| 14:45 | Research | Double-Bit Axe |
| 14:55 | Build | Farm |
| 14:56 | Build | Farm |
| 14:57 | Build | Farm |
| 14:58 | Build | Farm |
| 15:10 | Build | Farm |
| 16:31 | Build | House |
| 16:35 | Age | Castle Age |
| 16:36 | Build | Mining Camp |
| 16:56 | Build | Town Center |
| 17:09 | Create | Villager (Male) ×5 |
| 17:23 | Build | House |
| 17:25 | Build | House |
| 17:29 | Build | House |
| 17:31 | Build | House |
| 17:33 | Build | House |
| 18:29 | Build | Town Center |
| 18:35 | Create | Villager (Male) ×3 |
| 18:44 | Create | Villager (Male) |
| 18:57 | Create | Villager (Male) |
| 18:57 | Create | Villager (Male) |
| 19:12 | Build | Farm |
| 19:40 | Build | Farm |
| 19:55 | Create | Villager (Male) |
| 19:55 | Create | Villager (Male) |
| 20:13 | Build | Farm |
| 20:18 | Build | House |
| 20:19 | Build | House |
| 20:22 | Build | House |
| 20:23 | Build | House |
| 20:28 | Build | Farm |
| 20:32 | Build | Farm |
| 20:41 | Research | Heavy Plow |
| 21:00 | Create | Villager (Male) |
| 21:00 | Create | Villager (Male) |
| 21:18 | Create | Villager (Male) |
| 21:18 | Create | Villager (Male) |
| 21:30 | Create | Villager (Male) |
| 21:41 | Build | Farm |
| 21:58 | Create | Villager (Male) |
| 22:03 | Build | Farm |
| 22:11 | Create | Villager (Male) |
| 22:11 | Create | Villager (Male) |
| 22:26 | Build | Farm |
| 22:32 | Create | Trade Cart ×5 |
| 22:48 | Create | Trade Cart ×3 |
| 22:53 | Create | Villager (Male) ×3 |
| 22:55 | Create | Villager (Male) |
| 23:00 | Build | Farm |
| 23:07 | Build | House |
| 23:09 | Build | House |
| 23:09 | Build | House |
| 23:11 | Build | House |
| 23:12 | Build | House |
| 23:13 | Build | House |
| 23:25 | Build | Farm |
| 23:29 | Create | Villager (Male) |
| 23:29 | Create | Villager (Male) |
| 23:29 | Create | Villager (Male) |
| 23:31 | Create | Villager (Male) |
| 23:42 | Build | Farm |
| 23:54 | Build | Mill |
| 24:01 | Build | Farm |
| 24:11 | Create | Villager (Male) |
| 24:11 | Create | Villager (Male) |
| 24:12 | Create | Villager (Male) |
| 24:12 | Create | Villager (Male) |
| 24:12 | Create | Villager (Male) |
| 24:17 | Build | Farm |
| 24:30 | Create | Villager (Male) |
| 24:31 | Create | Villager (Male) |
| 24:42 | Build | Farm |
| 24:48 | Build | Farm |
| 24:52 | Build | Farm |
| 25:01 | Research | Bow Saw |
| 25:08 | Build | Farm |
| 25:14 | Build | Farm |
| 25:17 | Create | Villager (Male) ×2 |
| 25:33 | Create | Villager (Male) ×2 |
| 25:43 | Create | Villager (Male) |
| 25:50 | Build | Farm |
| 25:55 | Build | Farm |
| 26:09 | Build | Monastery |
| 26:32 | Build | University |
| 26:38 | Create | Villager (Male) ×5 |
| 26:38 | Create | Villager (Male) ×5 |
| 26:45 | Build | Farm |
| 26:49 | Build | Farm |
| 27:00 | Research | Wheelbarrow |
| 27:11 | Build | Farm |
| 27:15 | Build | Farm |
| 27:30 | Build | Farm |
| 27:32 | Create | Monk |
| 27:33 | Create | Monk |
| 27:42 | Create | Villager (Male) |
| 27:42 | Create | Villager (Male) |
| 27:42 | Create | Villager (Male) |
| 27:43 | Create | Villager (Male) |
| 27:43 | Create | Villager (Male) |
| 27:43 | Create | Villager (Male) |
| 27:44 | Create | Villager (Male) |
| 27:44 | Create | Villager (Male) |
| 27:50 | Build | Farm |
| 27:58 | Build | Farm |
Build order — JESUSizLORD7590
First 150 of 723 actions detected
| 0:04 | Build | House |
| 0:07 | Build | House |
| 0:11 | Create | Villager (Male) |
| 0:11 | Create | Villager (Male) |
| 0:12 | Create | Villager (Male) |
| 0:12 | Create | Villager (Male) |
| 0:24 | Build | House |
| 1:01 | Build | House |
| 1:47 | Build | House |
| 2:15 | Create | Villager (Male) |
| 2:53 | Build | House |
| 3:07 | Build | House |
| 3:12 | Create | Villager (Male) |
| 3:12 | Create | Villager (Male) |
| 3:45 | Create | Villager (Male) |
| 3:45 | Create | Villager (Male) |
| 4:09 | Create | Villager (Male) |
| 4:29 | Create | Villager (Male) |
| 4:43 | Build | Mill |
| 5:17 | Create | Villager (Male) |
| 6:02 | Create | Villager (Male) |
| 6:02 | Create | Villager (Male) |
| 6:02 | Create | Villager (Male) |
| 6:27 | Create | Villager (Male) |
| 6:27 | Create | Villager (Male) |
| 6:53 | Create | Villager (Male) |
| 6:53 | Create | Villager (Male) |
| 7:09 | Build | Lumber Camp |
| 7:26 | Create | Villager (Male) |
| 8:18 | Create | Villager (Male) |
| 8:18 | Create | Villager (Male) |
| 8:25 | Create | Villager (Male) |
| 8:45 | Create | Villager (Male) |
| 9:27 | Build | Lumber Camp |
| 9:33 | Create | Villager (Male) |
| 9:33 | Create | Villager (Male) |
| 9:33 | Create | Villager (Male) |
| 10:00 | Create | Villager (Male) |
| 10:00 | Create | Villager (Male) |
| 10:30 | Build | Farm |
| 10:45 | Build | Farm |
| 10:57 | Build | Farm |
| 11:24 | Research | Feudal Age |
| 11:49 | Build | Dock |
| 12:02 | Build | House |
| 12:32 | Build | House |
| 12:34 | Build | House |
| 12:53 | Build | Mining Camp |
| 12:59 | Build | House |
| 13:09 | Create | Fishing Ship |
| 13:09 | Create | Fishing Ship |
| 13:12 | Create | Fishing Ship |
| 13:12 | Create | Fishing Ship |
| 13:35 | Build | Farm |
| 13:41 | Build | Farm |
| 14:17 | Build | Farm |
| 14:23 | Build | Farm |
| 14:31 | Build | Farm |
| 14:40 | Build | Farm |
| 14:48 | Build | Farm |
| 15:03 | Research | Double-Bit Axe |
| 15:20 | Build | House |
| 15:23 | Build | House |
| 15:33 | Research | Horse Collar |
| 15:42 | Build | Blacksmith |
| 15:49 | Create | Villager (Male) |
| 15:49 | Create | Villager (Male) |
| 15:51 | Create | Villager (Male) |
| 16:06 | Build | Market |
| 16:39 | Build | Farm |
| 16:46 | Build | Farm |
| 17:47 | Build | Farm |
| 17:53 | Research | Castle Age |
| 18:28 | Build | Farm |
| 18:30 | Build | Farm |
| 18:49 | Build | Barracks |
| 18:53 | Build | Barracks |
| 19:22 | Build | Mining Camp |
| 20:20 | Research | Man-at-Arms (upgrade) |
| 20:27 | Research | Forging |
| 20:45 | Build | Siege Workshop |
| 21:08 | Research | Heavy Plow |
| 21:13 | Research | Bow Saw |
| 21:17 | Create | Villager (Male) |
| 21:17 | Create | Villager (Male) |
| 21:17 | Create | Villager (Male) |
| 21:18 | Create | Villager (Male) |
| 21:18 | Create | Villager (Male) |
| 21:18 | Create | Villager (Male) |
| 21:34 | Research | Long Swordsman (upgrade) |
| 21:35 | Research | Squires |
| 22:04 | Create | Mangonel |
| 22:07 | Create | Battering Ram |
| 22:13 | Create | Mangonel |
| 22:17 | Create | Militia |
| 22:17 | Create | Militia |
| 22:17 | Create | Militia |
| 22:18 | Create | Militia |
| 22:18 | Create | Militia |
| 22:28 | Build | Mining Camp |
| 22:41 | Create | Villager (Male) |
| 22:41 | Create | Villager (Male) |
| 23:32 | Create | Villager (Male) |
| 23:32 | Create | Villager (Male) |
| 23:46 | Build | Town Center |
| 23:56 | Create | Militia |
| 23:56 | Create | Militia |
| 23:56 | Create | Militia |
| 23:57 | Create | Militia |
| 24:23 | Create | Mangonel |
| 24:30 | Build | House |
| 24:32 | Build | House |
| 24:33 | Build | House |
| 24:43 | Build | House |
| 24:45 | Build | House |
| 27:02 | Research | Wheelbarrow |
| 27:03 | Create | Villager (Male) |
| 27:03 | Create | Villager (Male) |
| 27:03 | Create | Villager (Male) |
| 27:04 | Create | Villager (Male) |
| 27:04 | Create | Villager (Male) |
| 27:24 | Build | Town Center |
| 27:28 | Create | Villager (Male) |
| 27:28 | Create | Villager (Male) |
| 27:28 | Create | Villager (Male) |
| 27:29 | Create | Villager (Male) |
| 27:29 | Create | Villager (Male) |
| 27:48 | Create | Militia |
| 27:48 | Create | Militia |
| 27:48 | Create | Militia |
| 27:49 | Create | Militia |
| 27:49 | Create | Militia |
| 27:49 | Create | Militia |
| 29:40 | Research | Scale Mail Armor |
| 29:41 | Research | Iron Casting |
| 29:55 | Create | Villager (Male) |
| 29:55 | Create | Villager (Male) |
| 29:56 | Create | Villager (Male) |
| 29:56 | Create | Villager (Male) |
| 29:56 | Create | Villager (Male) |
| 29:56 | Create | Villager (Male) |
| 29:57 | Research | Hand Cart |
| 30:01 | Create | Militia |
| 30:01 | Create | Militia |
| 30:30 | Build | Barracks |
| 30:33 | Build | Barracks |
| 30:38 | Build | Barracks |
| 30:41 | Build | Barracks |
| 32:06 | Build | Siege Workshop |
| 32:10 | Build | Siege Workshop |
Build order — Wolfgang5150
First 150 of 321 actions detected
| 0:04 | Create | Villager (Male) ×4 |
| 1:31 | Create | Villager (Male) |
| 2:03 | Create | Villager (Male) |
| 2:07 | Create | Villager (Male) |
| 2:51 | Create | Villager (Male) |
| 2:51 | Create | Villager (Male) |
| 3:43 | Create | Villager (Male) |
| 3:43 | Create | Villager (Male) |
| 4:22 | Build | Mill |
| 4:26 | Create | Villager (Male) |
| 4:27 | Create | Villager (Male) |
| 5:20 | Create | Villager (Male) |
| 5:20 | Create | Villager (Male) |
| 6:17 | Build | Mill |
| 6:27 | Create | Villager (Male) |
| 6:28 | Create | Villager (Male) |
| 6:47 | Create | Villager (Male) |
| 6:47 | Create | Villager (Male) |
| 7:01 | Build | Lumber Camp |
| 7:57 | Create | Villager (Male) |
| 7:57 | Create | Villager (Male) |
| 7:59 | Research | Loom |
| 8:43 | Build | Mining Camp |
| 9:31 | Research | Feudal Age |
| 9:31 | Research | Feudal Age |
| 10:22 | Create | Villager (Male) |
| 10:22 | Create | Villager (Male) |
| 11:41 | Age | Feudal Age |
| 11:43 | Research | Double-Bit Axe |
| 11:47 | Research | Horse Collar |
| 12:00 | Build | Blacksmith |
| 12:32 | Create | Villager (Male) |
| 12:32 | Create | Villager (Male) |
| 13:15 | Create | Villager (Male) |
| 13:16 | Create | Villager (Male) |
| 13:16 | Create | Villager (Male) |
| 13:52 | Build | Market |
| 13:55 | Build | Market |
| 14:02 | Build | Lumber Camp |
| 14:08 | Build | Farm |
| 14:16 | Build | Farm |
| 14:41 | Build | Farm |
| 14:43 | Create | Villager (Male) |
| 14:44 | Create | Villager (Male) |
| 14:44 | Create | Villager (Male) |
| 15:24 | Build | Mill |
| 15:52 | Create | Villager (Male) |
| 15:53 | Create | Villager (Male) |
| 15:53 | Create | Villager (Male) |
| 16:22 | Build | Barracks |
| 17:07 | Create | Villager (Male) |
| 17:08 | Create | Villager (Male) |
| 17:08 | Create | Villager (Male) |
| 17:40 | Build | Archery Range |
| 17:41 | Build | Archery Range |
| 17:45 | Build | Stable |
| 17:54 | Build | Stable |
| 17:58 | Build | Farm |
| 18:00 | Build | Farm |
| 18:01 | Build | Farm |
| 18:04 | Build | Farm |
| 18:13 | Research | Town Watch |
| 19:26 | Research | Castle Age |
| 19:26 | Research | Castle Age |
| 19:37 | Build | Farm |
| 19:39 | Build | Farm |
| 19:41 | Build | Farm |
| 19:42 | Build | Farm |
| 19:44 | Build | Farm |
| 19:45 | Build | Farm |
| 19:47 | Build | Farm |
| 19:48 | Build | Farm |
| 20:05 | Create | Trade Cart ×4 |
| 20:11 | Create | Trade Cart |
| 21:10 | Research | Gold Mining |
| 21:11 | Research | Stone Mining |
| 21:15 | Research | Wheelbarrow |
| 21:49 | Research | Forging |
| 22:06 | Age | Castle Age |
| 22:23 | Build | Town Center |
| 22:43 | Build | Town Center |
| 23:07 | Research | Bow Saw |
| 23:21 | Create | Villager (Male) ×5 |
| 23:47 | Research | Fletching |
| 24:13 | Create | Villager (Male) ×4 |
| 24:24 | Create | Villager (Male) |
| 24:57 | Create | Villager (Male) ×3 |
| 25:07 | Create | Villager (Male) |
| 25:09 | Create | Villager (Male) |
| 25:20 | Create | Trade Cart ×5 |
| 25:29 | Build | Farm |
| 25:34 | Build | Farm |
| 25:38 | Build | Farm |
| 25:47 | Research | Heavy Plow |
| 25:53 | Build | Farm |
| 25:58 | Create | Villager (Male) ×2 |
| 26:04 | Create | Villager (Male) |
| 26:09 | Build | Farm |
| 26:12 | Create | Villager (Male) |
| 26:19 | Create | Villager (Male) |
| 26:25 | Create | Cavalry Archer ×5 |
| 26:51 | Build | University |
| 26:58 | Build | Monastery |
| 27:09 | Build | Farm |
| 27:12 | Create | Villager (Male) ×5 |
| 27:40 | Research | Caravan |
| 28:09 | Create | Villager (Male) ×5 |
| 28:22 | Create | Cavalry Archer ×5 |
| 28:25 | Create | Cavalry Archer ×5 |
| 28:36 | Create | Monk |
| 28:37 | Research | Fervor |
| 29:01 | Create | Villager (Male) ×5 |
| 29:16 | Research | Bloodlines |
| 29:17 | Research | Husbandry |
| 29:36 | Build | Castle |
| 29:40 | Build | Farm |
| 29:44 | Build | Farm |
| 30:06 | Build | Farm |
| 30:12 | Build | Farm |
| 30:15 | Build | Farm |
| 30:51 | Create | Cavalry Archer ×5 |
| 31:02 | Build | Archery Range |
| 31:07 | Build | Archery Range |
| 31:09 | Build | Archery Range |
| 31:15 | Build | Stable |
| 31:19 | Build | Stable |
| 31:23 | Build | Stable |
| 31:31 | Build | Mining Camp |
| 31:49 | Research | Imperial Age |
| 31:54 | Research | Hand Cart |
| 32:15 | Research | Padded Archer Armor |
| 32:49 | Research | Ballistics |
| 33:09 | Create | Knight ×5 |
| 33:16 | Create | Cavalry Archer ×5 |
| 33:31 | Create | Villager (Male) ×5 |
| 33:39 | Create | Trade Cart ×5 |
| 34:00 | Research | Scale Barding Armor |
| 34:01 | Research | Bodkin Arrow |
| 34:10 | Research | Iron Casting |
| 34:36 | Research | Gold Shaft Mining |
| 34:59 | Age | Imperial Age |
| 35:06 | Build | Mining Camp |
| 35:17 | Research | Conscription |
| 35:21 | Research | Chemistry |
| 35:26 | Create | Cavalry Archer ×5 |
| 35:39 | Research | Parthian Tactics |
| 36:02 | Create | Knight ×4 |
| 36:04 | Create | Knight |
| 36:49 | Create | Knight ×5 |
| 37:01 | Research | Leather Archer Armor |
Build order — V snacks
First 150 of 230 actions detected
| 0:37 | Build | House |
| 0:48 | Build | Palisade Wall |
| 1:39 | Build | Palisade Gate |
| 1:52 | Create | Villager (Male) |
| 1:52 | Create | Villager (Male) |
| 1:53 | Create | Villager (Male) |
| 1:53 | Create | Villager (Male) |
| 1:53 | Create | Villager (Male) |
| 2:17 | Build | House |
| 3:14 | Build | Palisade Wall |
| 3:51 | Create | Villager (Male) |
| 4:10 | Build | Lumber Camp |
| 4:29 | Build | House |
| 5:34 | Create | Villager (Male) |
| 5:34 | Create | Villager (Male) |
| 5:34 | Create | Villager (Male) |
| 6:33 | Create | Villager (Male) |
| 7:20 | Create | Villager (Male) |
| 7:20 | Create | Villager (Male) |
| 7:30 | Create | Villager (Male) |
| 7:30 | Create | Villager (Male) |
| 7:30 | Create | Villager (Male) |
| 7:31 | Create | Villager (Male) |
| 7:57 | Build | Palisade Gate |
| 9:19 | Create | Villager (Male) |
| 9:19 | Create | Villager (Male) |
| 9:19 | Create | Villager (Male) |
| 9:39 | Build | Mill |
| 10:36 | Research | Loom |
| 10:43 | Build | House |
| 10:46 | Build | House |
| 10:55 | Build | House |
| 11:00 | Research | Feudal Age |
| 11:26 | Build | Mill |
| 11:40 | Build | Outpost |
| 11:59 | Create | Villager (Male) |
| 11:59 | Create | Villager (Male) |
| 11:59 | Create | Villager (Male) |
| 12:00 | Create | Villager (Male) |
| 12:48 | Build | Outpost |
| 13:15 | Build | Mining Camp |
| 13:45 | Build | Watch Tower |
| 13:55 | Research | Town Watch |
| 13:56 | Create | Villager (Male) |
| 13:56 | Create | Villager (Male) |
| 14:28 | Build | Market |
| 14:38 | Create | Villager (Male) |
| 15:45 | Create | Villager (Male) |
| 15:46 | Create | Villager (Male) |
| 16:20 | Create | Villager (Male) |
| 16:29 | Build | Lumber Camp |
| 16:33 | Build | Farm |
| 16:41 | Build | Blacksmith |
| 16:47 | Create | Villager (Male) |
| 17:16 | Build | Mill |
| 18:34 | Create | Villager (Male) |
| 18:35 | Create | Villager (Male) |
| 18:35 | Create | Villager (Male) |
| 19:03 | Build | Farm |
| 19:03 | Build | Farm |
| 19:03 | Build | Farm |
| 19:04 | Build | Farm |
| 19:28 | Build | Barracks |
| 20:03 | Research | Castle Age |
| 20:19 | Build | Mining Camp |
| 21:04 | Build | Stone Wall |
| 22:09 | Research | Stone Mining |
| 22:59 | Build | Mining Camp |
| 23:05 | Research | Caravan |
| 23:54 | Research | Fletching |
| 24:06 | Build | University |
| 24:14 | Build | House |
| 24:16 | Build | House |
| 24:24 | Build | House |
| 24:35 | Research | Double-Bit Axe |
| 25:02 | Build | Castle |
| 25:17 | Build | Stone Wall |
| 25:32 | Build | Gate |
| 26:21 | Build | Siege Workshop |
| 26:38 | Create | Villager (Male) |
| 26:38 | Create | Villager (Male) |
| 26:38 | Create | Villager (Male) |
| 26:40 | Create | Villager (Male) |
| 26:40 | Create | Villager (Male) |
| 27:31 | Create | Battering Ram |
| 27:47 | Build | Castle |
| 28:10 | Create | Villager (Male) |
| 28:11 | Create | Villager (Male) |
| 28:22 | Create | Trade Cart |
| 28:31 | Create | Trade Cart |
| 28:41 | Research | Horse Collar |
| 29:01 | Research | Bow Saw |
| 29:26 | Create | Villager (Male) |
| 29:26 | Create | Villager (Male) |
| 29:29 | Build | Farm |
| 30:14 | Build | Town Center |
| 30:46 | Build | Outpost |
| 30:59 | Build | Farm |
| 30:59 | Build | Farm |
| 31:00 | Build | Farm |
| 32:03 | Research | Squires |
| 32:36 | Build | Gate |
| 32:44 | Build | Farm |
| 32:44 | Build | Farm |
| 32:46 | Create | Villager (Male) |
| 32:47 | Create | Villager (Male) |
| 32:47 | Create | Villager (Male) |
| 32:48 | Create | Villager (Male) |
| 32:56 | Build | Mining Camp |
| 33:00 | Create | Trade Cart |
| 33:00 | Create | Trade Cart |
| 33:15 | Build | Castle |
| 33:21 | Research | Scale Mail Armor |
| 33:22 | Research | Forging |
| 33:45 | Build | Farm |
| 33:48 | Build | Farm |
| 33:53 | Build | Farm |
| 33:55 | Build | Farm |
| 34:09 | Create | Villager (Male) |
| 34:09 | Create | Villager (Male) |
| 34:36 | Build | Gate |
| 34:58 | Create | Trade Cart |
| 34:58 | Create | Trade Cart |
| 35:00 | Create | Trade Cart |
| 35:47 | Create | Villager (Male) |
| 35:47 | Create | Villager (Male) |
| 35:48 | Create | Villager (Male) |
| 35:49 | Create | Villager (Male) |
| 36:10 | Research | Imperial Age |
| 36:16 | Create | Villager (Male) |
| 36:16 | Create | Villager (Male) |
| 36:23 | Build | Farm |
| 36:30 | Build | Farm |
| 37:09 | Build | Barracks |
| 37:12 | Build | Barracks |
| 37:15 | Build | Barracks |
| 37:20 | Build | Barracks |
| 37:31 | Create | Samurai ×5 |
| 37:31 | Create | Samurai ×2 |
| 37:31 | Create | Samurai ×2 |
| 37:32 | Create | Samurai |
| 37:46 | Create | Samurai |
| 37:47 | Create | Samurai |
| 38:04 | Create | Spearman |
| 38:05 | Create | Spearman |
| 38:13 | Build | Farm |
| 38:18 | Build | Farm |
| 38:18 | Build | Farm |
| 38:19 | Build | Farm |
| 38:19 | Build | Farm |
Build order — 419229627
First 150 of 1214 actions detected
| 0:07 | Build | House |
| 0:09 | Build | House |
| 0:12 | Create | Villager (Male) |
| 0:12 | Create | Villager (Male) |
| 0:12 | Create | Villager (Male) |
| 0:13 | Create | Villager (Male) |
| 0:13 | Create | Villager (Male) |
| 0:13 | Create | Villager (Male) |
| 0:13 | Create | Villager (Male) |
| 0:13 | Create | Villager (Male) |
| 1:34 | Build | Palisade Wall |
| 1:45 | Build | Palisade Wall |
| 2:02 | Create | Villager (Male) |
| 2:02 | Create | Villager (Male) |
| 2:03 | Create | Villager (Male) |
| 2:21 | Create | Villager (Male) |
| 2:21 | Create | Villager (Male) |
| 2:22 | Create | Villager (Male) |
| 2:38 | Build | Mill |
| 3:02 | Create | Villager (Male) |
| 3:02 | Create | Villager (Male) |
| 3:37 | Create | Villager (Male) |
| 3:37 | Create | Villager (Male) |
| 3:38 | Create | Villager (Male) |
| 4:00 | Create | Villager (Male) |
| 4:00 | Create | Villager (Male) |
| 4:00 | Create | Villager (Male) |
| 4:19 | Build | House |
| 4:21 | Build | House |
| 4:27 | Create | Villager (Male) |
| 4:27 | Create | Villager (Male) |
| 4:36 | Create | Villager (Male) |
| 4:36 | Create | Villager (Male) |
| 5:19 | Create | Villager (Male) |
| 5:19 | Create | Villager (Male) |
| 5:20 | Create | Villager (Male) |
| 5:20 | Create | Villager (Male) |
| 5:45 | Build | Lumber Camp |
| 6:21 | Build | House |
| 6:33 | Create | Villager (Male) |
| 6:33 | Create | Villager (Male) |
| 6:34 | Create | Villager (Male) |
| 6:34 | Create | Villager (Male) |
| 7:09 | Build | House |
| 7:19 | Create | Villager (Male) |
| 7:19 | Create | Villager (Male) |
| 7:19 | Create | Villager (Male) |
| 7:26 | Create | Villager (Male) |
| 7:26 | Create | Villager (Male) |
| 7:41 | Build | House |
| 7:44 | Build | House |
| 8:07 | Create | Villager (Male) |
| 8:07 | Create | Villager (Male) |
| 8:07 | Create | Villager (Male) |
| 8:08 | Create | Villager (Male) |
| 8:21 | Create | Villager (Male) |
| 8:21 | Create | Villager (Male) |
| 8:22 | Create | Villager (Male) |
| 8:22 | Create | Villager (Male) |
| 8:53 | Create | Villager (Male) |
| 8:53 | Create | Villager (Male) |
| 8:54 | Create | Villager (Male) |
| 8:54 | Create | Villager (Male) |
| 9:18 | Build | House |
| 9:20 | Build | House |
| 9:54 | Build | Mill |
| 10:03 | Create | Villager (Male) |
| 10:03 | Create | Villager (Male) |
| 10:37 | Build | Mill |
| 10:49 | Research | Feudal Age |
| 12:12 | Build | House |
| 12:13 | Build | House |
| 12:15 | Build | House |
| 12:16 | Build | House |
| 13:18 | Age | Feudal Age |
| 13:33 | Create | Villager (Male) |
| 13:35 | Research | Wheelbarrow |
| 13:35 | Create | Villager (Male) |
| 13:38 | Research | Double-Bit Axe |
| 13:38 | Research | Double-Bit Axe |
| 13:40 | Research | Horse Collar |
| 13:41 | Research | Horse Collar |
| 13:41 | Research | Horse Collar |
| 13:42 | Create | Villager (Male) |
| 13:43 | Create | Villager (Male) |
| 13:45 | Create | Villager (Male) |
| 13:49 | Create | Villager (Male) |
| 13:49 | Create | Villager (Male) |
| 13:49 | Create | Villager (Male) |
| 13:50 | Create | Villager (Male) |
| 13:50 | Create | Villager (Male) |
| 13:50 | Create | Villager (Male) |
| 13:50 | Create | Villager (Male) |
| 13:51 | Create | Villager (Male) |
| 13:51 | Create | Villager (Male) |
| 14:13 | Build | Stone Wall |
| 14:24 | Build | Gate |
| 14:30 | Build | Stone Wall |
| 14:35 | Build | Stone Wall |
| 15:30 | Build | Mining Camp |
| 16:03 | Build | Barracks |
| 16:36 | Build | Farm |
| 16:57 | Build | Farm |
| 17:01 | Build | Farm |
| 17:07 | Build | House |
| 17:08 | Build | House |
| 17:18 | Build | Farm |
| 17:20 | Build | Farm |
| 17:21 | Build | Farm |
| 17:23 | Build | Farm |
| 17:25 | Build | Farm |
| 17:27 | Build | Farm |
| 17:29 | Build | Farm |
| 17:31 | Build | Farm |
| 17:33 | Build | Farm |
| 17:34 | Build | Farm |
| 17:59 | Build | Farm |
| 18:01 | Build | Farm |
| 18:43 | Build | Market |
| 18:59 | Build | Farm |
| 19:10 | Create | Villager (Male) |
| 19:11 | Create | Villager (Male) |
| 19:11 | Create | Villager (Male) |
| 19:31 | Build | Blacksmith |
| 19:47 | Build | Farm |
| 19:49 | Build | Farm |
| 20:13 | Create | Villager (Male) |
| 20:21 | Build | Farm |
| 20:24 | Research | Castle Age |
| 20:25 | Research | Castle Age |
| 20:29 | Research | Castle Age |
| 20:49 | Create | Villager (Male) |
| 21:53 | Create | Trade Cart |
| 21:53 | Create | Trade Cart |
| 21:54 | Create | Trade Cart |
| 21:54 | Create | Trade Cart |
| 21:55 | Create | Trade Cart |
| 21:57 | Create | Trade Cart |
| 21:58 | Create | Trade Cart |
| 22:37 | Build | Stable |
| 23:18 | Age | Castle Age |
| 23:40 | Build | Castle |
| 23:47 | Create | Villager (Male) |
| 23:48 | Create | Villager (Male) |
| 23:48 | Create | Villager (Male) |
| 23:48 | Create | Villager (Male) |
| 23:48 | Create | Villager (Male) |
| 23:49 | Create | Villager (Male) |
| 23:51 | Create | Villager (Male) |
| 23:51 | Create | Villager (Male) |
Match timeline
| 0:22 | FAD3D WHHYY NOT · wall_segment Palisade Wall x17 |
| 0:48 | V snacks · wall_segment Palisade Wall x15 |
| 0:57 | MoldyShelf59466 · wall_segment Palisade Wall x16 |
| 1:34 | 419229627 · wall_segment Palisade Wall x9 |
| 1:45 | 419229627 · wall_segment Palisade Wall x9 |
| 2:31 | MoldyShelf59466 · wall_segment Palisade Wall x16 |
| 3:10 | MoldyShelf59466 · wall_segment Palisade Wall x12 |
| 3:14 | V snacks · wall_segment Palisade Wall x6 |
| 3:25 | MoldyShelf59466 · wall_segment Palisade Wall x5 |
| 3:31 | MoldyShelf59466 · wall_segment Palisade Wall x2 |
| 3:57 | MoldyShelf59466 · wall_segment Palisade Wall x12 |
| 4:21 | MoldyShelf59466 · wall_segment Palisade Wall x7 |
| 5:20 | MoldyShelf59466 · wall_segment Palisade Wall x7 |
| 5:36 | MoldyShelf59466 · wall_segment Palisade Wall x13 |
| 6:45 | MoldyShelf59466 · wall_segment Palisade Wall x13 |
| 8:03 | NATIVE RADIX · wall_segment Palisade Wall x6 |
| 8:08 | MoldyShelf59466 · wall_segment Palisade Wall x12 |
| 11:20 | FAD3D WHHYY NOT · first_building Barracks |
| 11:41 | Wolfgang5150 · age_up feudal |
| 11:49 | JESUSizLORD7590 · first_building Dock |
| 12:02 | ParanoiaAgent · age_up feudal |
| 13:18 | 419229627 · age_up feudal |
| 14:13 | 419229627 · wall_segment Stone Wall x6 |
| 14:30 | 419229627 · wall_segment Stone Wall x3 |
| 14:35 | 419229627 · wall_segment Stone Wall x12 |
| 16:03 | 419229627 · first_building Barracks |
| 16:07 | MoldyShelf59466 · wall_segment Palisade Wall x12 |
| 16:22 | Wolfgang5150 · first_building Barracks |
| 16:35 | ParanoiaAgent · age_up castle |
| 17:30 | MoldyShelf59466 · wall_segment Stone Wall x16 |
| 17:40 | Wolfgang5150 · first_building Archery Range |
| 17:43 | MoldyShelf59466 · wall_segment Stone Wall x11 |
| 17:45 | Wolfgang5150 · first_building Stable |
| 18:10 | NATIVE RADIX · first_building Monastery |
| 18:49 | JESUSizLORD7590 · first_building Barracks |
| 18:53 | FAD3D WHHYY NOT · first_building Archery Range |
| 19:19 | NATIVE RADIX · wall_segment Stone Wall x9 |
| 19:19 | MoldyShelf59466 · wall_segment Stone Wall x9 |
| 19:28 | V snacks · first_building Barracks |
| 20:00 | JESUSizLORD7590 · first_market_sell 100 food |
| 20:45 | JESUSizLORD7590 · first_building Siege Workshop |
| 21:04 | V snacks · wall_segment Stone Wall x3 |
| 21:06 | NATIVE RADIX · first_market_sell 100 food |
| 21:13 | MoldyShelf59466 · wall_segment Stone Wall x12 |
| 22:06 | Wolfgang5150 · age_up castle |
| 22:20 | MoldyShelf59466 · wall_segment Stone Wall x16 |
| 22:25 | V snacks · first_market_sell 100 wood |
| 22:31 | FAD3D WHHYY NOT · wall_segment Stone Wall x15 |
| 22:32 | V snacks · first_market_buy 500 stone |
| 22:37 | 419229627 · first_building Stable |
| 23:18 | 419229627 · age_up castle |
| 23:23 | 419229627 · first_market_sell 100 food |
| 23:24 | 419229627 · first_market_buy 100 stone |
| 23:40 | 419229627 · first_building Castle |
| 23:44 | MoldyShelf59466 · wall_segment Stone Wall x7 |
| 24:11 | FAD3D WHHYY NOT · first_market_buy 100 food |
| 24:15 | FAD3D WHHYY NOT · first_market_sell 100 wood |
| 24:39 | MoldyShelf59466 · wall_segment Stone Wall x17 |
| 25:02 | V snacks · first_building Castle |
| 25:17 | V snacks · wall_segment Stone Wall x12 |
| 25:31 | FAD3D WHHYY NOT · first_building Stable |
| 25:43 | MoldyShelf59466 · wall_segment Stone Wall x2 |
| 26:09 | ParanoiaAgent · first_building Monastery |
| 26:21 | V snacks · first_building Siege Workshop |
| 26:58 | Wolfgang5150 · first_building Monastery |
| 27:06 | MoldyShelf59466 · wall_segment Stone Wall x7 |
| 27:25 | MoldyShelf59466 · wall_segment Stone Wall x10 |
| 27:26 | FAD3D WHHYY NOT · first_building Castle |
| 27:29 | 419229627 · first_building Siege Workshop |
| 28:05 | NATIVE RADIX · first_market_buy 100 stone |
| 28:17 | MoldyShelf59466 · wall_segment Stone Wall x10 |
| 28:35 | ParanoiaAgent · first_building Castle |
| 29:34 | MoldyShelf59466 · wall_segment Stone Wall x1 |
| 29:36 | Wolfgang5150 · first_building Castle |
| 29:42 | MoldyShelf59466 · wall_segment Stone Wall x6 |
| 29:55 | MoldyShelf59466 · wall_segment Stone Wall x7 |
| 29:57 | FAD3D WHHYY NOT · first_building Siege Workshop |
| 30:05 | MoldyShelf59466 · wall_segment Stone Wall x2 |
| 30:19 | MoldyShelf59466 · first_building Barracks |
| 31:06 | MoldyShelf59466 · wall_segment Stone Wall x10 |
| 31:18 | MoldyShelf59466 · first_building Stable |
| 32:05 | MoldyShelf59466 · wall_segment Stone Wall x8 |
| 32:17 | ParanoiaAgent · first_building Barracks |
| 32:34 | JESUSizLORD7590 · first_building Castle |
| 33:04 | MoldyShelf59466 · wall_segment Stone Wall x8 |
| 33:16 | MoldyShelf59466 · wall_segment Stone Wall x10 |
| 33:43 | ParanoiaAgent · first_building Stable |
| 34:13 | ParanoiaAgent · age_up imperial |
| 34:33 | MoldyShelf59466 · wall_segment Stone Wall x10 |
| 34:59 | Wolfgang5150 · age_up imperial |
| 35:04 | JESUSizLORD7590 · first_market_buy 100 food |
| 35:38 | MoldyShelf59466 · wall_segment Stone Wall x11 |
| 35:45 | 419229627 · age_up imperial |
| 36:22 | MoldyShelf59466 · first_market_buy 100 food |
| 36:43 | MoldyShelf59466 · first_building Castle |
| 37:31 | MoldyShelf59466 · wall_segment Stone Wall x14 |
| 37:46 | MoldyShelf59466 · wall_segment Stone Wall x17 |
| 39:13 | MoldyShelf59466 · wall_segment Stone Wall x7 |
| 40:01 | MoldyShelf59466 · wall_segment Stone Wall x9 |
| 40:32 | MoldyShelf59466 · wall_segment Stone Wall x5 |
| 41:23 | MoldyShelf59466 · first_building Siege Workshop |
| 41:38 | MoldyShelf59466 · wall_segment Stone Wall x10 |
| 43:03 | MoldyShelf59466 · wall_segment Stone Wall x15 |
| 43:25 | NATIVE RADIX · wall_segment Stone Wall x11 |
| 44:33 | NATIVE RADIX · wall_segment Stone Wall x9 |
| 44:51 | MoldyShelf59466 · wall_segment Stone Wall x8 |
| 45:21 | NATIVE RADIX · first_building Castle |
| 46:18 | V snacks · wall_segment Stone Wall x16 |
| 47:31 | NATIVE RADIX · wall_segment Stone Wall x4 |
| 47:41 | MoldyShelf59466 · wall_segment Stone Wall x10 |
| 48:17 | JESUSizLORD7590 · wall_segment Stone Wall x17 |
| 50:49 | NATIVE RADIX · wall_segment Stone Wall x6 |
| 50:53 | MoldyShelf59466 · first_market_sell 100 wood |
| 51:46 | ParanoiaAgent · first_market_buy 100 stone |
| 53:20 | NATIVE RADIX · wall_segment Stone Wall x7 |
| 54:01 | MoldyShelf59466 · wall_segment Stone Wall x6 |
| 54:20 | NATIVE RADIX · wall_segment Stone Wall x6 |
| 54:52 | NATIVE RADIX · wall_segment Stone Wall x6 |
| 55:01 | NATIVE RADIX · wall_segment Stone Wall x6 |
| 55:55 | MoldyShelf59466 · wall_segment Stone Wall x1 |
| 56:09 | NATIVE RADIX · wall_segment Stone Wall x1 |
| 56:23 | NATIVE RADIX · wall_segment Stone Wall x12 |
| 56:30 | NATIVE RADIX · wall_segment Stone Wall x5 |
| 57:07 | NATIVE RADIX · wall_segment Stone Wall x1 |
| 57:24 | NATIVE RADIX · wall_segment Stone Wall x1 |
| 57:53 | NATIVE RADIX · wall_segment Stone Wall x10 |
| 58:08 | MoldyShelf59466 · wall_segment Stone Wall x24 |
| 59:31 | NATIVE RADIX · wall_segment Stone Wall x12 |
| 59:59 | NATIVE RADIX · wall_segment Stone Wall x9 |
| 60:12 | NATIVE RADIX · wall_segment Stone Wall x9 |
| 60:24 | NATIVE RADIX · wall_segment Stone Wall x17 |
| 63:39 | JESUSizLORD7590 · wall_segment Stone Wall x14 |
| 64:10 | NATIVE RADIX · wall_segment Stone Wall x9 |
| 68:19 | NATIVE RADIX · wall_segment Stone Wall x12 |
| 69:43 | NATIVE RADIX · wall_segment Stone Wall x12 |
| 70:02 | NATIVE RADIX · wall_segment Stone Wall x12 |
| 70:15 | NATIVE RADIX · wall_segment Stone Wall x16 |
| 70:32 | NATIVE RADIX · wall_segment Stone Wall x15 |
| 71:01 | NATIVE RADIX · wall_segment Stone Wall x15 |
| 71:17 | NATIVE RADIX · wall_segment Stone Wall x12 |
| 71:45 | NATIVE RADIX · wall_segment Stone Wall x15 |
| 72:05 | NATIVE RADIX · wall_segment Stone Wall x11 |
| 72:31 | NATIVE RADIX · wall_segment Stone Wall x7 |
| 72:48 | MoldyShelf59466 · first_building Archery Range |
| 74:36 | ParanoiaAgent · first_building Siege Workshop |
| 74:43 | NATIVE RADIX · wall_segment Stone Wall x12 |
| 75:04 | NATIVE RADIX · first_building Siege Workshop |
| 75:32 | NATIVE RADIX · wall_segment Stone Wall x6 |
| 80:04 | NATIVE RADIX · wall_segment Stone Wall x7 |
| 81:18 | NATIVE RADIX · wall_segment Stone Wall x9 |
| 84:07 | NATIVE RADIX · wall_segment Stone Wall x7 |
| 84:26 | NATIVE RADIX · wall_segment Stone Wall x17 |
| 86:30 | NATIVE RADIX · wall_segment Stone Wall x7 |
| 92:46 | FAD3D WHHYY NOT · wall_segment Stone Wall x19 |
| 98:22 | NATIVE RADIX · wall_segment Stone Wall x15 |
| 99:45 | FAD3D WHHYY NOT · wall_segment Stone Wall x16 |
| 99:53 | FAD3D WHHYY NOT · wall_segment Stone Wall x16 |
| 100:53 | FAD3D WHHYY NOT · wall_segment Stone Wall x18 |
| 101:27 | FAD3D WHHYY NOT · wall_segment Stone Wall x15 |
| 105:15 | FAD3D WHHYY NOT · wall_segment Stone Wall x6 |
| 107:32 | MoldyShelf59466 · wall_segment Stone Wall x24 |
| 109:32 | MoldyShelf59466 · wall_segment Stone Wall x7 |
| 110:01 | MoldyShelf59466 · wall_segment Stone Wall x8 |
| 110:48 | NATIVE RADIX · wall_segment Stone Wall x17 |
| 111:01 | NATIVE RADIX · wall_segment Stone Wall x13 |
| 111:53 | NATIVE RADIX · wall_segment Stone Wall x11 |
| 112:16 | MoldyShelf59466 · wall_segment Stone Wall x5 |
| 112:40 | NATIVE RADIX · wall_segment Stone Wall x5 |
| 112:47 | MoldyShelf59466 · wall_segment Stone Wall x10 |
| 113:13 | NATIVE RADIX · wall_segment Stone Wall x7 |
| 113:26 | MoldyShelf59466 · wall_segment Stone Wall x10 |
| 113:27 | NATIVE RADIX · wall_segment Stone Wall x6 |
| 115:43 | NATIVE RADIX · wall_segment Stone Wall x11 |
| 116:40 | NATIVE RADIX · wall_segment Stone Wall x6 |
| 116:52 | NATIVE RADIX · wall_segment Stone Wall x11 |
| 117:55 | NATIVE RADIX · wall_segment Stone Wall x7 |
| 118:06 | NATIVE RADIX · wall_segment Stone Wall x6 |
| 118:13 | NATIVE RADIX · wall_segment Stone Wall x7 |
| 120:01 | NATIVE RADIX · wall_segment Stone Wall x5 |
| 120:57 | NATIVE RADIX · wall_segment Stone Wall x5 |
[ AI ANALYSIS · 1 CREDIT ]
What really happened in this match?
Wolo.gg analyzes every decision: build order, eco, micro, common mistakes by bracket. Personalized analysis on WhatsApp or Discord in 30 seconds.
Civ guide
Portuguese
Perfil
NATIVE RADIX